 Dungeon Crawl Stone Soup version 0.31.0-32-g396128a36d (webtiles) character file.

Game seed: 3789570486643657973

61 imdaedric the Sneak (level 4, -3/27 HPs)
             Began as a Kobold Brigand on Apr 24, 2024.
             Slain by Crazy Yiuf
             ... wielding a +2 quarterstaff of chaos
              (17 damage)
             ... on level 2 of the Dungeon.
             The game lasted 00:03:17 (1723 turns).

imdaedric the Sneak (Kobold Brigand)                Turns: 1723, Time: 00:03:18

Health: -3/27      AC:  3    Str:  8    XL:     4   Next: 27%
Magic:  4/4        EV: 15    Int: 12    God:
Gold:   54         SH:  0    Dex: 18    Spells: 3/3 levels left

rFire   . . .        a - +2 dagger
rCold   . . .        (no shield)
rNeg    . . .        b - +0 robe
rPois   .            (no helmet)
rElec   .            c - +0 cloak
rCorr   .            (no gloves)
SInv    .            (no boots)
Will    .....        (no amulet)
Stlth   ++++         (no ring)
HPRegen 0.24/turn    (no ring)
MPRegen 0.09/turn

%: no passive effects
@: no status effects
A: small, no large weapons, nightstalker 3
a: no special abilities


You were on level 2 of the Dungeon.
You visited 1 branch of the dungeon, and saw 2 of its levels.

You collected 78 gold pieces.
You spent 24 gold pieces at shops.

Inventory:

Hand Weapons
 a - a +2 dagger (weapon)
Missiles
 d - 9 poisoned darts (quivered)
 e - 3 curare-tipped darts
Armour
 b - a +0 robe (worn)
 c - a +0 cloak (worn)
Scrolls
 f - a scroll of fear
 h - a scroll of teleportation
 l - a scroll of enchant weapon
 m - a scroll of poison
Potions
 g - a potion of attraction {unknown}
 i - a potion of enlightenment {unknown}


   Skills:
 + Level 2.8 Fighting
 + Level 3.5 Short Blades
 + Level 2.9 Throwing
 + Level 2.2 Dodging
 + Level 5.8 Stealth


You had 3 spell levels left.
You didn't know any spells.
Your spell library was empty.

Dungeon Overview and Level Annotations

Branches:
Dungeon (2/15)

Altars:

Shops:
D:1 [=:   D:2 *

Annotations:
D:2 Crazy Yiuf


Innate Abilities, Weirdness & Mutations

You are small and have problems with some larger weapons.
You are completely attuned to the shadows.


Message History

Press: ? - help, Q - select action, (/) - cycle Shift-Dir - straight line, f - rat
Aim: a rat (wandering, hasn't noticed you, 60% to hit)
You throw a poisoned dart. The poisoned dart hits the rat.
The rat is poisoned.
The rat squeaks loudly.
Throw: 8 darts (poison)
Press: ? - help, Q - select action, (/) - cycle Shift-Dir - straight line, f/p - rat
Aim: a rat (poisoned, 60% to hit)
You throw a poisoned dart. The poisoned dart hits the rat!
The rat looks even sicker.
Throw: 7 darts (poison)
Press: ? - help, Q - select action, (/) - cycle Shift-Dir - straight line, f/p - rat
Aim: a rat (very poisoned, 60% to hit)
You throw a poisoned dart. The poisoned dart hits the rat.
The rat looks as sick as possible!
You kill the rat!
No target in view!
No target in view!
No target in view!
d - 8 poisoned darts (gained 2)
d - 9 poisoned darts (gained 1) Key pressed, stopping explore.
Key pressed, stopping explore.
You open the door.
There is an open door here.
Key pressed, stopping explore.
Key pressed, stopping explore.
Key pressed, stopping explore.
You see here a staff of alchemy.
Press: ? - help, v - describe, . - travel
Here: Crazy Yiuf, wielding a +2 quarterstaff of chaos and wearing a +0 cloak (asleep, fire blocked by a runed translucent door)
The floor.
You open the door.
There is an open translucent door here.
Crazy Yiuf closely misses you.
You barely miss Crazy Yiuf.
Crazy Yiuf waves his quarterstaff at you.
Crazy Yiuf hits you with a +2 quarterstaff of chaos!
You are electrocuted!
Ouch! That really hurt!
You die...

#..#.....................####
##.##........>................
##..##......................##.
#..################..........#.
#.## #...###'####. #.###♣♣♣♣♣
#...# #...... #.#....♣.♣♣♣#####
#...# ####### #.......♣..♣#...#
#...# # #......♣♣♣♣.'.@g# #####
# ##....♣♣ ♣♣#..)# # ####♣♣
#####


You could see Crazy Yiuf.

Vanquished Creatures
  2 adders (D:2)
  2 ribbon worms (D:2)
  A dart slug (D:1)
  A ball python (D:2)
  An endoplasm (D:1)
  A giant cockroach (D:2)
  4 goblins
  6 hobgoblins
  5 kobolds
  2 quokkas (D:1)
  3 bats (D:1)
  A frilled lizard (D:1)
  5 rats
34 creatures vanquished.

Notes
Turn   | Place    | Note
-------+----------+-------------------------------------------
     0 | D:1      | imdaedric the Kobold Brigand began the quest for the Orb.
     0 | D:1      | Reached XP level 1. HP: 12/12 MP: 1/1
   155 | D:1      | Reached XP level 2. HP: 18/18 MP: 2/2
   224 | D:1      | Found Tobre's Armour Boutique.
   336 | D:1      | Found Rudwouf's Jewellery Shop.
   344 | D:1      | Found a faded altar of an unknown god.
   350 | D:1      | Found Foned's Book Emporium.
   392 | D:1      | Reached XP level 3. HP: 22/22 MP: 3/3
   900 | D:2      | Reached XP level 4. HP: 10/27 MP: 4/4
  1454 | D:2      | Found Ophu's Assorted Antiques.
  1469 | D:2      | Bought a scroll labelled ATTUJODDYATE for 24 gold pieces
  1580 | D:2      | Found a runed translucent door.
  1583 | D:2      | Noticed Crazy Yiuf
  1723 | D:2      | Slain by Crazy Yiuf

Illustrated notes

Levels and vault maps discovered:
D:1:      dpeg_arrival_oval, layout_rooms, serial_shops, shop,
          nicolae_shop_tiny_waterfront, shop, basic_ecumenical_altar,
          minmay_cut_off
D:2:      layout_basic, serial_shops, nicolae_shop_window_shopping,
          uniq_crazy_yiuf_cottage

Skill      XL: |  1  2  3 |
---------------+----------+-----
Short Blades   | 3 |  3.5
Dodging        | 2 |  2.2
Fighting       | |  2.8
Throwing       | |  2.9
Stealth        | |  5.8

Action                     |  1- 3 |  4- 6 || total
---------------------------+-------+-------++-------
  Melee: Dagger            |    50 |    16 ||    66
         Punch             |       |     1 ||     1
  Throw: Dart              |    16 |    10 ||    26
    Use: Scroll            |       |     6 ||     6
   Stab: Sleeping          |    14 |     2 ||    16
 Armour: Robe              |    18 |     3 ||    21
  Dodge: Dodged            |    28 |     7 ||    35
